Map: Port Aleksander LE

Players

llllllllllll

  • Race: Terran Terran
  • League: Master
  • Spawn Location: 5:00

PiG - Winner!

  • Race: Terran Terran
  • League: Grandmaster
  • Spawn Location: 11:00

VOD

Have the link to the VOD?

Description

Time

  • Played on: Dec. 9, 2018, 5:43 p.m.
  • Length: 7:20
Show
View Real Time Build Order
Export as new Build Order

llllllllllll Terran 

Build Orders: Gas First Reaper Expand 

Get SALT Encoding   

  12  0:00  SCV  
  13  0:13  SCV  
  14  0:18  Supply Depot  
  14  0:25  SCV  
  15  0:29  Refinery  
  15  0:40  SCV  
  16  0:47  Barracks  
  16  0:52  SCV  
  17  1:04  SCV  
  18  1:16  SCV  
  19  1:33  Reaper  
  19  1:34  Orbital Command  
  20  1:51  Command Center  
  20  2:02  Factory  
  20  2:06  SCV  
  21  2:09  Reaper  
  22  2:17  Refinery  
  22  2:18  SCV  
  23  2:23  Bunker  
  23  2:30  Supply Depot  
  23  2:48  Starport  
  23  2:51  Marine, SCV  
  23  2:54  Factory Tech Lab  
  25  3:03  SCV  
  26  3:08  Orbital Command  
  26  3:09  Marine  
  27  3:18  Cyclone  
  30  3:20  SCV  
  31  3:28  Viking  
  33  3:35  Engineering Bay  
  33  3:41  SCV  
  34  3:42  SCV  
  34  3:43  Barracks Reactor  
  35  3:53  SCV  
  35  3:54  SCV  
  37  3:56  Siege Tank  
  40  4:04  Refinery  
  40  4:05  SCV  
  40  4:06  SCV  
  42  4:11  Medivac  
  44  4:27  SCV  
  45  4:32  Missile Turret  
  45  4:33  Marine  
  46  4:38  Supply Depot  
  46  4:42  Marine, SCV, Siege Tank  
  46  4:43  Missile Turret  
  51  4:46  Medivac  
  51  4:51  Marine  
  54  5:00  Marine, SCV  
  54  5:02  SCV  
  57  5:12  SCV  
  59  5:14  SCV  
  59  5:22  Barracks  
  59  5:24  SCV  
  59  5:25  Factory Tech Lab  
  59  5:26  Barracks, SCV  
  61  5:36  Marine  
  61  5:37  Refinery  
  61  5:40  SCV  
  61  5:47  Siege Tank  
  61  5:48  Viking  
  52  5:52  SCV  
  52  5:56  Marine  
Show
View Real Time Build Order
Export as new Build Order

PiG Terran - Winner!

Build Orders: 1/1/1, Mech 

Get SALT Encoding   

  12  0:01  SCV  
  13  0:13  SCV  
  14  0:19  Supply Depot  
  14  0:25  SCV  
  15  0:30  Refinery  
  15  0:41  SCV  
  16  0:47  Barracks  
  16  0:53  SCV  
  17  0:58  Refinery  
  17  1:05  SCV  
  18  1:20  SCV  
  19  1:33  Orbital Command  
  19  1:34  Reaper  
  19  1:37  Factory  
  20  1:47  Supply Depot  
  20  1:59  SCV  
  21  2:07  Reaper  
  22  2:11  SCV  
  23  2:17  Supply Depot  
  23  2:21  Hellion  
  25  2:26  Starport  
  25  2:28  SCV  
  26  2:40  SCV  
  26  2:42  Barracks Tech Lab  
  27  2:46  Factory Tech Lab  
  27  2:52  SCV  
  28  3:06  SCV  
  28  3:08  Cyclone  
  32  3:15  Raven  
  34  3:22  Command Center  
  34  3:25  Barracks Reactor  
  34  3:35  SCV  
  35  3:42  Supply Depot  
  35  3:48  Siege Tank  
  38  3:49  SCV  
  39  4:07  SCV  
  40  4:10  Viking  
  42  4:31  Marine, Siege Tank  
  42  4:34  Orbital Command  
  42  4:36  Refinery  
  46  4:40  Viking  
  46  4:41  SCV  
  49  4:52  Viking  
  51  4:59  Supply Depot  
  52  5:01  Barracks Reactor  
  52  5:02  SCV  
  52  5:03  SCV  
  53  5:12  Command Center  
  53  5:16  SCV  
  53  5:18  Viking  
  53  5:21  SCV  
  57  5:26  Refinery  
  57  5:28  SCV  
  58  5:29  Siege Tank  
  58  5:33  Supply Depot  
  61  5:51  Medivac  
  63  6:01  Siege Tank  
  67  6:04  SCV x2  
  67  6:13  Factory  
  67  6:15  Factory  
  67  6:16  SCV x2  
  67  6:28  SCV  
  67  6:29  SCV  
  67  6:41  SCV  
  67  6:53  Orbital Command  
  67  6:54  SCV x2  
  67  7:04  Armory  
  67  7:06  Armory  
  67  7:07  SCV x2  
  67  7:08  Supply Depot  
Tags
 
Add a new tag
Caveats
  • Supply blocks, unpowered buildings, or Contaminate may cause inaccurate times.
  • Supply counts are checked every 10 seconds.